 Dungeon Crawl Stone Soup version 0.27.1-15-g792fb953b9 (webtiles) character file.

Game seed: 13240308153607067520

9498 Gabide the Carver (level 11, -15/92 HPs)
             Began as a Demigod Artificer on Nov 19, 2021.
             Demolished by a skeletal warrior (23 damage)
             ... led by a skeletal warrior
             ... on level 11 of the Dungeon.
             The game lasted 00:27:14 (14355 turns).

Gabide the Carver (Demigod Artificer)              Turns: 14355, Time: 00:27:14

Health: -15/92     AC: 15    Str: 21    XL:     11   Next: 4%
Magic:  14/14      EV: 12    Int: 13    God:
Gold:   587        SH:  0    Dex: 24    Spells: 10/10 levels left

rFire    + . .     SeeInvis .   l - +5 falchion "Faupumel" {elec, rC+ rN+ Will+}
rCold    + + .     Faith    .   (no shield)
rNeg     + . .     Spirit   .   w - +3 chain mail {rC+}
rPois    +         Reflect  .   (no helmet)
rElec    .         Harm     .   y - +1 cloak {rPois}
rCorr    .         Rampage  .   (no gloves)
Will     ++...                  (no boots)
Stlth    ..........             (no amulet)
HPRegen  0.25/turn              f - ring of protection from fire
MPRegen  0.14/turn              t - +6 ring of dexterity

@: no status effects
A: high mp 1, forlorn
a: no special abilities


You were on level 11 of the Dungeon.
You visited 1 branch of the dungeon, and saw 11 of its levels.

You collected 614 gold pieces.
You spent 27 gold pieces at shops.

Inventory:

Hand Weapons
 l - the +5 falchion "Faupumel" (weapon) {elec, rC+ rN+ Will+}
   (You found it on level 4 of the Dungeon)

   It occasionally discharges a powerful burst of electricity upon striking a
   foe.
   rC:        It protects you from cold.
   rN:        It protects you from negative energy.
   Will:      It increases your willpower.
 p - a +0 morningstar of holy wrath
Missiles
 c - a throwing net
Armour
 b - a +3 ring mail
 w - a +3 chain mail of cold resistance (worn)
 y - a +1 cloak of poison resistance (worn)
Jewellery
 f - a ring of protection from fire (left hand)
 t - a +6 ring of dexterity (right hand)
Wands
 a - a wand of acid (6)
 k - a wand of digging (10)
 x - a wand of iceblast (7)
Scrolls
 h - 4 scrolls of noise
 j - a scroll of enchant weapon
 n - 3 scrolls of amnesia
 r - a scroll of identify
Potions
 d - a potion of flight {unknown}
 g - 2 potions of magic {unknown}
 m - 2 potions of curing
 o - a potion of cancellation {unknown}
 q - 2 potions of haste {unknown}
 s - 2 potions of mutation {unknown}
 u - 4 potions of heal wounds
 v - 2 potions of might {unknown}
Miscellaneous
 e - a piece from Xom's chessboard (15/15)


   Skills:
 * Level 7.4 Fighting
 + Level 8.5 Long Blades
 - Level 1.5 Maces & Flails
 - Level 2.1 Polearms
 + Level 7.0 Armour
 * Level 5.9 Dodging
 - Level 2.9 Stealth
 * Level 6.7 Evocations


You had 10 spell levels left.
You didn't know any spells.
Your spell library contained the following spells:

 Spells                   Type           Power      Damage    Failure   Level
 Foxfire                  Conj/Fire      0%         2x1d4     94%         1
 Shock                    Conj/Air       0%         1d3       94%         1
 Slow                     Hex            0%         N/A       98%         2
 Confusing Touch          Hex            0%         N/A       100%        3
 Conjure Flame            Conj/Fire      0%         6-21      100%        3
 Inner Flame              Hex/Fire       0%         N/A       100%        3
 Ozocubu's Armour         Ice            0%         N/A       100%        3
 Swiftness                Air            0%         N/A       100%        3
 Airstrike                Air            0%         N/A       100%        4
 Animate Dead             Necr           0%         N/A       100%        4
 Metabolic Englaciation   Hex/Ice        0%         N/A       100%        5
 Yara's Violent Unravell  Hex/Tmut       0%         3d3       100%        5
 Simulacrum               Ice/Necr       0%         N/A       100%        6
 Haunt                    Necr/Summ      0%         N/A       100%        7
 Infestation              Necr           0%         N/A       100%        8


Dungeon Overview and Level Annotations

Branches:
Dungeon (11/15)            Temple (0/1) D:7             Orc (0/2) D:10
   Lair: D:8-11

Shops:
D:1 *


Innate Abilities, Weirdness & Mutations

Your attributes grow dramatically as you level up.
You have an increased reservoir of magic. (+10% MP)
You shall have no god before yourself.


Message History

The skeletal warrior hits you from afar with a +0 halberd!
The skeletal warrior hits you with a +0 mace!
You hit the skeletal warrior.
Lightning courses through the skeletal warrior!!
The skeletal warrior is almost destroyed.
The skeletal warrior hits you from afar with a +0 halberd.
The skeletal warrior hits you with a +0 mace!
You are too injured to fight recklessly!
You are too injured to fight recklessly!
You are too injured to fight recklessly!
You are too injured to fight recklessly!
You are too injured to fight recklessly!
You are too injured to fight recklessly!
You are too injured to fight recklessly!
You are too injured to fight recklessly!
You are too injured to fight recklessly!
You are too injured to fight recklessly!
You are too injured to fight recklessly!
You are too injured to fight recklessly!
You are too injured to fight recklessly!
You are too injured to fight recklessly!
You are too injured to fight recklessly!
You are too injured to fight recklessly!
You hit the skeletal warrior.
The skeletal warrior is almost destroyed.
The skeletal warrior hits you from afar with a +0 halberd!!
* * * LOW HITPOINT WARNING * * *
The skeletal warrior hits you with a +0 mace!
* * * LOW HITPOINT WARNING * * *
Aiming: Corrosive Bolt
Press: ? - help, Shift-Dir - straight line, f - skeletal warrior
Aim: a skeletal warrior, wielding a +0 war axe (moderately damaged, 74% to hit)
The bolt of acid hits the skeletal warrior.
The skeletal warrior is splashed with acid.
The acid corrodes the skeletal warrior!
The skeletal warrior is almost destroyed.
The bolt of acid hits the skeletal warrior but does no damage.
The skeletal warrior is moderately damaged.
The skeletal warrior hits you from afar with a +0 halberd!!
You die...

.. .#
#.# .<#
..# ..#
####z.#
#<@zz.#
####z##
.?.
####


You could see 4 skeletal warriors.

Vanquished Creatures
  A two-headed ogre (D:9)
  Erica (D:8)
  Pikel (D:7)
  A troll (D:10)
  Grinder (D:4)
  A shadow (D:10)
  9 yaks (D:9)
  A wyvern (D:9)
  A water moccasin (D:9)
  A black bear (D:5)
  3 orc warriors
  A sky beast (D:8)
  6 necrophages
  3 ogres
  A centaur (D:8)
  5 bullfrogs
  A scorpion (D:7)
  A wyvern zombie (D:6)
  A gnoll sergeant (D:5)
  A wyvern skeleton (D:7)
  2 water moccasin skeletons
  6 wights (D:9)
  10 killer bees
  3 howler monkeys
  6 centaur zombies
  4 hounds
  A gnoll shaman (D:9)
  3 orc priests
  Crazy Yiuf (D:7)
  A centaur skeleton (D:7)
  Jessica (D:2)
  3 iguanas
  Natasha (thrice) (D:2)
  13 orc wizards
  A hound zombie (D:5)
  A hound skeleton (D:4)
  A mummy (D:9)
  2 howler monkey zombies (D:9)
  5 gnolls
  A howler monkey skeleton (D:4)
  6 adders
  A shadow imp (D:7)
  A white imp (D:6)
  A dart slug (D:1)
  30 orcs
  5 endoplasms
  2 giant cockroaches
  5 hobgoblins
  5 jackals (D:2)
  4 kobolds
  2 quokkas
  8 ball pythons
  7 bats
  5 frilled lizards
  8 goblins
  2 rats (D:1)
201 creatures vanquished.

Vanquished Creatures (collateral kills)
  Harold (D:7)
  An orc wizard (D:4)
  A gnoll (D:5)
  A white imp (D:5)
  An orc (D:4)
  A kobold (D:3)
  A rat (D:2)
7 creatures vanquished.

Vanquished Creatures (others)
  A water moccasin (D:7)
  A giant cockroach (D:2)
2 creatures vanquished.

Grand Total: 210 creatures vanquished

Notes
Turn   | Place    | Note
-------+----------+-------------------------------------------
     0 | D:1      | Gabide the Demigod Artificer began the quest for the Orb.
     0 | D:1      | Reached XP level 1. HP: 15/15 MP: 3/3
   231 | D:1      | Reached skill level 1 in Fighting
   398 | D:1      | Reached XP level 2. HP: 22/23 MP: 4/4
   423 | D:1      | Found Fajumueli's Assorted Antiques.
   432 | D:1      | Bought a scroll labelled BAONIY DONONNO for 27 gold pieces
   456 | D:1      | Reached skill level 1 in Stealth
   815 | D:1      | Reached skill level 1 in Dodging
   949 | D:2      | Noticed Jessica
   960 | D:2      | Killed Jessica
   961 | D:2      | Reached XP level 3. HP: 10/28 MP: 5/5
  1457 | D:2      | Noticed Natasha
  1465 | D:2      | Killed Natasha
  1466 | D:2      | Reached skill level 1 in Maces & Flails
  1466 | D:2      | Reached XP level 4. HP: 29/35 MP: 6/6
  1912 | D:2      | Noticed Natasha
  1918 | D:2      | Killed Natasha
  1933 | D:2      | Noticed Natasha
  2742 | D:2      | Killed Natasha
  2743 | D:2      | Reached XP level 5. HP: 27/41 MP: 7/7
  4113 | D:4      | Noticed an orc warrior
  4595 | D:4      | Reached skill level 1 in Polearms
  4677 | D:3      | Killed an orc warrior
  4932 | D:4      | Reached XP level 6. HP: 42/50 MP: 8/8
  4999 | D:4      | Identified the +5 falchion "Faupumel" {elec, rC+ rN+ Will+}
  5183 | D:4      | Reached skill level 1 in Long Blades
  5259 | D:4      | Noticed Grinder
  5267 | D:4      | Killed Grinder
  5268 | D:4      | Reached skill level 2 in Long Blades
  5268 | D:4      | Reached XP level 7. HP: 42/57 MP: 9/9
  5471 | D:4      | Reached skill level 3 in Long Blades
  5599 | D:5      | Entered Level 5 of the Dungeon
  6698 | D:5      | Reached XP level 8. HP: 43/66 MP: 10/10
  6880 | D:5      | Reached skill level 4 in Long Blades
  8436 | D:7      | Found a staircase to the Ecumenical Temple.
  8438 | D:7      | Noticed Pikel
  8449 | D:7      | Killed Pikel
  8450 | D:7      | Reached skill level 5 in Long Blades
  8460 | D:7      | Reached skill level 5 in Armour
  8714 | D:7      | Reached XP level 9. HP: 23/73 MP: 11/11
  9147 | D:7      | Reached skill level 5 in Fighting
  9294 | D:7      | Noticed Harold
  9639 | D:7      | Found a runed translucent door.
  9640 | D:7      | Noticed Crazy Yiuf
  9786 | D:7      | Killed Harold
  9787 | D:7      | Reached skill level 6 in Long Blades
  9787 | D:7      | Reached skill level 5 in Evocations
 10669 | D:7      | Killed Crazy Yiuf
 10898 | D:8      | Noticed Erica
 10903 | D:8      | Killed Erica
 11826 | D:9      | Noticed a two-headed ogre
 12194 | D:9      | Reached XP level 10. HP: 83/83 MP: 13/13
 12240 | D:9      | Reached skill level 7 in Long Blades
 12270 | D:9      | Reached skill level 5 in Dodging
 12544 | D:9      | Killed a two-headed ogre
 13083 | D:9      | Reached skill level 8 in Long Blades
 13521 | D:10     | Entered Level 10 of the Dungeon
 14092 | D:10     | Reached XP level 11. HP: 50/92 MP: 14/14
 14293 | D:10     | Found a staircase to the Orcish Mines.
 14342 | D:11     | Noticed a skeletal warrior
 14343 | D:11     | Noticed a skeletal warrior
 14343 | D:11     | Noticed a skeletal warrior
 14343 | D:11     | Noticed a skeletal warrior
 14355 | D:11     | Demolished by a skeletal warrior

Illustrated notes

Levels and vault maps discovered:
D:1:      saegor_arrival_simple_e, layout_rooms, serial_shops,
          nicolae_shop_statue_plus, hellmonk_ecumenical_altar_heavens_door
D:2:      layout_rooms, basic_altar, uniq_jessica, uniq_natasha
D:3:      layout_rooms
D:4:      layout_cave_pools, okawaru_altar_gauntlet_db, uniq_grinder
D:5:      layout_basic
D:6:      layout_gridville
D:7:      layout_layer_cave, minmay_temple_entry_junction_2,
          kennysheep_cluttered_room, uniq_crazy_yiuf_cottage, uniq_harold,
          uniq_pikel
D:8:      layout_loops_corners, uniq_erica
D:9:      minmay_spotlight, layout_loops_ring, serial_undead, serial_undead_b,
          serial_undead_a, serial_undead_e, serial_undead_d, serial_undead_e,
          serial_undead_b
D:10:     layout_roguey, orc_0_dummy, serial_glass, glass_columns_b,
          glass_columns_c
D:11:     layout_basic, due_lair_maze_entry_diamond,
          portal_ice_cave_entry_ice_simulacra

Skill      XL: |  1  2  3  4  5  6  7  8  9 10 |
---------------+-------------------------------+-----
Fighting       | 1 2 3 4 6 7 |  7.4
Evocations     | 3 4 5 6 |  6.7
Stealth        | 1 2 |  2.9
Dodging        | 1 2 3 4 5 |  5.9
Armour         | 2 3 4 5 6 7 |  7.0
Maces & Flails | 1 |  1.5
Polearms       | 2 |  2.1
Long Blades    | 2 3 5 6 8 |  8.5

Action                   |  1- 3 |  4- 6 |  7- 9 | 10-12 || total
-------------------------+-------+-------+-------+-------++-------
Melee: Club              |   118 |    49 |       |       ||   167
       Trident           |       |    82 |       |       ||    82
       Falchion          |       |    33 |   237 |   158 ||   428
Evoke: Wand              |     5 |    21 |    19 |     7 ||    52
       Piece from Xom's  |       |     3 |     2 |       ||     5
  Use: Scroll            |     2 |     3 |    11 |     1 ||    17
 Stab: Sleeping          |     1 |     1 |     1 |       ||     3
       Petrified         |       |    11 |       |       ||    11
       Petrifying        |       |     1 |       |       ||     1
       Invisible         |       |       |     1 |       ||     1
Armor: Leather armour    |    52 |    37 |       |       ||    89
       Chain mail        |       |    32 |    93 |    89 ||   214
       Ring mail         |       |       |    36 |       ||    36
Dodge: Dodged            |   114 |   139 |   136 |   103 ||   492
       Rpst.: Falchion   |       |     7 |    37 |    28 ||    72
